 Dungeon Crawl Stone Soup version 0.25-a0-424-g80bd347ae0 (webtiles) character file.

Game seed: 8363005318349011458, levelgen mode: deterministic

428 Bikalo the Poker (level 6, 0/48 HPs)
             Began as a Demonspawn Gladiator on Jan 23, 2020.
             Succumbed to a worker ant's poison
             ... on level 4 of the Dungeon.
             The game lasted 00:04:47 (4085 turns).

Bikalo the Poker (Demonspawn Gladiator)             Turns: 4085, Time: 00:04:48

Health: 0/48       AC:  6    Str: 14 (16) XL:     6   Next: 65%
Magic:  1/6        EV: 10    Int:  7 (9)  God:
Gold:   165        SH:  0    Dex: 13 (15) Spells: 5/5 levels left

rFire    + . .     SeeInvis .   a - +0 trident
rCold    + . .     Gourm    .   (no shield)
rNeg     . . .     Faith    .   j - +0 scale mail
rPois    +         Spirit   +   (helmet restricted)
rElec    +         Reflect  .   (no cloak)
rCorr    +         Harm     .   (no gloves)
MR       .....                  (no boots)
Stlth    ..........             (no amulet)
HPRegen  0.16/turn              (no ring)
MPRegen  0.10/turn              (no ring)

@: lethally poisoned (0 -> -3), resistant, very slightly contaminated, invisible
A: antennae 1, hooves 1, demonic guardian 1, magic shield
a: no special abilities


You were on level 4 of the Dungeon.
You were not hungry.

You visited 1 branch of the dungeon, and saw 4 of its levels.

You collected 165 gold pieces.

Inventory:

Hand Weapons
 a - a +0 trident (weapon)
Missiles
 d - 4 throwing nets (quivered)
Armour
 b - a +0 leather armour
 c - a +0 helmet
 j - a +0 scale mail (worn)
Jewellery
 k - an uncursed ring of resist corrosion
Wands
 n - a wand of clouds (1)
Scrolls
 g - a scroll of enchant armour {unknown}
 i - a scroll of teleportation
 m - a scroll of fog {unknown}
 q - a scroll of remove curse
 r - a scroll of identify
Potions
 e - 2 potions of might
 h - 2 potions of degeneration
 p - a potion of invisibility
Comestibles
 f - 8 rations
 o - 2 chunks of flesh


   Skills:
 + Level 3.8 Fighting
 * Level 5.1 Polearms
 - Level 1.7 Throwing
 + Level 2.8 Armour
 - Level 3.0 Dodging


You had 5 spell levels left.
You didn't know any spells.
Your spell library was empty.

Dungeon Overview and Level Annotations

Branches:
Dungeon (4/15)
 Temple: D:4-7

Altars:


Innate Abilities, Weirdness & Mutations

You have a pair of small antennae on your head.
You have large cloven feet.
A weak demonic guardian rushes to your aid.
When hurt, damage is shared between your health and your magic reserves.


Message History

* * * LOW HITPOINT WARNING * * *
You feel sick. The worker ant closely misses you.
You are very lightly contaminated with residual magic.
You feel protected.
* * * LOW HITPOINT WARNING * * *
You feel sick. The worker ant bites you.
* * * LOW HITPOINT WARNING * * *
* * * LOW HITPOINT WARNING * * *
You feel sick.
* * * LOW HITPOINT WARNING * * *
You feel sick.
The worker ant bites you but does no damage.
* * * LOW HITPOINT WARNING * * *
You feel sick.
* * * LOW HITPOINT WARNING * * *
You feel sick.
* * * LOW HITPOINT WARNING * * *
You feel sick.
The worker ant bites you but does no damage.
You die...

.................#
#.##.########
..................##......#
..................#..##...##
).................#..#.....###
.............................#
................>.....#...).##
....#......#.#........#......#
....##.......##......#........#
...#............@...##.#.....##
#..##.##..##..##.......#....##
#.>#(.#...##)...a..##..#......
#.........##.....Z.......# ...
..#.)....####............# ..
..###....####...........## . #)
#...................# ..
#..a...............## ..
#.................##


You could see a worker ant and an adder skeleton.

Vanquished Creatures
  2 hounds (D:4)
  A centaur skeleton (D:4)
  Natasha (thrice) (D:3)
  2 worker ants (D:4)
  Ijyb (D:3)
  5 adders
  An ooze (D:1)
  3 worms (D:2)
  A dart slug (D:1)
  5 leopard geckos
  A ball python (D:1)
  5 giant cockroaches
  8 goblins
  7 hobgoblins
  14 jackals
  5 kobolds
  4 bats
  7 frilled lizards
  A leopard gecko skeleton (D:4)
  12 rats
88 creatures vanquished.

Vanquished Creatures (collateral kills)
  An orc priest (D:4)
  2 worker ants (D:4)
  An orc (D:4)
4 creatures vanquished.

Grand Total: 92 creatures vanquished

Notes
Turn   | Place    | Note
-------+----------+-------------------------------------------
     0 | D:1      | Bikalo the Demonspawn Gladiator began the quest for the
                  | Orb.
     0 | D:1      | Reached XP level 1. HP: 16/16 MP: 1/1
    57 | D:1      | Gained mutation: You have large cloven feet. [demonic
                  | ancestry]
    57 | D:1      | Reached XP level 2. HP: 15/22 MP: 2/2
    71 | D:1      | Reached skill level 3 in Polearms
   315 | D:1      | Gained mutation: You have a pair of small antennae on your
                  | head. [demonic ancestry]
   315 | D:1      | Reached XP level 3. HP: 28/28 MP: 3/3
   465 | D:1      | Reached skill level 1 in Armour
   945 | D:2      | Gained mutation: When hurt, damage is shared between your
                  | health and your magic reserves. [demonic ancestry]
   945 | D:2      | Reached XP level 4. HP: 25/34 MP: 4/4
  1841 | D:3      | Noticed Natasha
  1870 | D:3      | Killed Natasha
  1870 | D:3      | Reached skill level 4 in Polearms
  1870 | D:3      | Reached XP level 5. HP: 11/41 MP: 3/5
  2237 | D:3      | Noticed Ijyb
  2249 | D:3      | Killed Ijyb
  2491 | D:3      | Noticed Natasha
  2499 | D:3      | Killed Natasha
  3136 | D:3      | Noticed Natasha
  3142 | D:3      | Killed Natasha
  3469 | D:4      | Gained mutation: A weak demonic guardian rushes to your
                  | aid. [demonic ancestry]
  3469 | D:4      | Reached XP level 6. HP: 44/47 MP: 6/6
  3543 | D:4      | Reached skill level 5 in Polearms
  4082 | D:4      | HP: 2/48 [poisoned by a worker ant]
  4085 | D:4      | Succumbed to a worker ant's poison

Levels and vault maps discovered:
D:1:      minmay_arrival_nine_rooms, layout_loops_cross, grunt_decor_fettered,
          st_stairs_8
D:2:      layout_loops_corners
D:3:      layout_rooms, first_ration, minmay_misc_feat_rugged, uniq_natasha,
          uniq_ijyb
D:4:      layout_cave_pools, minmay_temple_entry_glass

Skill      XL: |  1  2  3  4  5  6 |
---------------+-------------------+-----
Polearms       | 3 4 5 |  5.1
Dodging        | 3 |  3.0
Armour         | 1 2 |  2.8
Fighting       | 3 |  3.8
Throwing       | |  1.7

Action                   |  1- 3 |  4- 6 || total
-------------------------+-------+-------++-------
Melee: Trident           |    94 |   199 ||   293
       Kick              |     8 |    50 ||    58
  Use: Scroll            |       |     3 ||     3
       Potion            |       |     4 ||     4
 Stab: Sleeping          |     1 |       ||     1
  Eat: Chunk             |       |    10 ||    10
Armor: Leather armour    |     9 |       ||     9
       Scale mail        |     5 |   103 ||   108
Dodge: Dodged            |    38 |   119 ||   157

Table legend:
 A = Non-vault XP
 B = Vault XP
 C = Vault XP percentage of total XP
 D = Non-vault monster count
 E = Vault monster count
 F = Vault count percentage of total count
                 A         B        C        D         E       F
            +---------+---------+-------+---------+---------+-------
      Total |     537 |      75 |  12.3 |      88 |       4 |   4.3
            +---------+---------+-------+---------+---------+-------
        D:1 |      54 |       4 |   6.9 |      27 |       2 |   6.9
        D:2 |      74 |       0 |   0.0 |      27 |       0 |   0.0
        D:3 |     118 |      71 |  37.6 |      15 |       2 |  11.8
        D:4 |     291 |       0 |   0.0 |      19 |       0 |   0.0
            +---------+---------+-------+---------+---------+-------
